 Dungeon Crawl Stone Soup version 0.20.1-1-g8b1a95d (webtiles) character file.

67 epen the Poker (level 4, -4/35 HPs)
             Began as a Merfolk Abyssal Knight on Aug 12, 2017.
             Was a Believer of Lugonu.
             Slain by a gnoll
             ... wielding a +0 whip
              (7 damage)
             ... on level 2 of the Dungeon.
             The game lasted 00:01:51 (1685 turns).

epen the Poker (Merfolk Abyssal Knight)             Turns: 1685, Time: 00:01:52

Health: -4/35      AC:  3    Str: 13    XL:     4   Next: 18%
Magic:  6/6        EV: 13    Int: 11    God:    Lugonu [**....]
Gold:   77         SH:  0    Dex: 13    Spells: 3/3 levels left

rFire    . . .     SeeInvis .   p - +0 halberd
rCold    . . .     Gourm    .   (shield currently unavailable)
rNeg     . . .     Faith    .   b - +0 leather armour
rPois    .         Spirit   .   (no helmet)
rElec    .         Reflect  .   (no cloak)
rCorr    .         Harm     .   (no gloves)
MR       .....                  (no boots)
Stlth    +.........             (no amulet)
Regen    0.2/turn               (no ring)
MPRegen  0.1/turn               (no ring)

@: no status effects
A: change form in water, swift swim, stealthy swim
a: Depart the Abyss, Bend Space, Renounce Religion


You were on level 2 of the Dungeon.
You worshipped Lugonu.
Lugonu was pleased with you.
You were hungry.

You visited 1 branch of the dungeon, and saw 2 of its levels.
You visited the Abyss 1 time.

You collected 77 gold pieces.

Inventory:

Hand Weapons
 a - a +1 spear
 p - a +0 halberd (weapon)
Armour
 b - a +0 leather armour (worn)
 n - a +0 pair of boots
Jewellery
 g - an uncursed amulet of regeneration {unknown}
 i - an uncursed ring of magical power {unknown}
Wands
 o - a wand of disintegration (17/24)
Scrolls
 e - a scroll of remove curse {unknown}
 j - 2 scrolls of identify {unknown}
 k - a scroll of magic mapping {unknown}
 r - a scroll of noise {unknown}
Potions
 d - a potion of curing {unknown}
 f - a potion of lignification {unknown}
 l - 2 potions of agility {unknown}
 q - a potion of berserk rage {unknown}
Comestibles
 c - 2 bread rations
 h - 2 meat rations
 m - 3 fruits


   Skills:
 + Level 3.4 Fighting
 * Level 4.4 Polearms
 + Level 0.9 Armour
 + Level 3.2 Dodging
 * Level 3.1 Invocations


You had 3 spell levels left.
You didn't know any spells.

Dungeon Overview and Level Annotations

Branches:
Dungeon (2/15)

Altars:


Message History

You closely miss the gnoll. The gnoll completely misses you.
The gnoll misses you.
You hit the gnoll.
The gnoll is moderately wounded.
The gnoll misses you. The gnoll hits you with a club.
The gnoll barely misses you.
You are feeling hungry.
You slash the gnoll!
You kill the gnoll!
Lugonu accepts your kill. The gnoll hits you with a whip.
A jackal comes into view.
The jackal barks!
The gnoll hits you from afar with a halberd!
* * * LOW HITPOINT WARNING * * *
The gnoll closely misses you.
The gnoll throws a stone.
The stone hits you.
* * * LOW HITPOINT WARNING * * *
You see here 2 stones.
The gnoll hits you with a whip!
You die...

##....#.....# #...........##
#.##....#....##
#h##..#.#.....#
#g....#.#...#.#
####(.##.........####
#.....###...#.#.....##
#....#..###....#....#...###
#..###...g@.#..#.##........ #.
#..######..#.....#...##
##............#.#.#...#
#.......##...##.......##
#.......###..###..).....
######.....>.###.............
#......).......#....###....).
..###.#)#............(....#..
.####..#.#....##.........##...


You could see a gnoll.

Vanquished Creatures
  2 gnolls
  An adder (D:2)
  2 worms (D:2)
  2 dart slugs
  2 leopard geckos
  5 goblins
  5 hobgoblins
  A quokka (D:2)
  4 bats (D:1)
  3 frilled lizards
  2 kobolds (D:2)
  A rat (D:1)
30 creatures vanquished.

Notes
Turn   | Place    | Note
-------+----------+-------------------------------------------
     0 | Abyss:1  | epen the Merfolk Abyssal Knight began the quest for the Orb.
     0 | Abyss:1  | Reached XP level 1. HP: 18/18 MP: 2/2
     7 | D:1      | Escaped the Abyss
   256 | D:1      | Reached XP level 2. HP: 23/24 MP: 3/3
   955 | D:2      | Reached skill level 4 in Polearms
   955 | D:2      | Reached XP level 3. HP: 18/29 MP: 4/4
  1612 | D:2      | Found a faded altar of an unknown god.
  1615 | D:2      | Reached ** piety under Lugonu
  1668 | D:2      | Reached XP level 4. HP: 35/35 MP: 6/6
  1685 | D:2      | Slain by a gnoll

Skill      XL: |  1  2  3 |
---------------+----------+-----
Dodging        | 3 |  3.2
Polearms       | 4 |  4.4
Invocations    | 3 |  3.1
Fighting       | |  3.4
Armour         | |  0.9

Action                   |  1- 3 |  4- 6 || total
-------------------------+-------+-------++-------
Melee: Spear             |   106 |       ||   106
       Halberd           |     9 |     9 ||    18
 Stab: Sleeping          |     1 |       ||     1
  Eat: Chunk             |     2 |       ||     2
Armor: Leather armour    |    17 |       ||    17
Dodge: Dodged            |    52 |     7 ||    59
